 Dungeon Crawl Stone Soup version 0.28.0 (webtiles) character file.

Game seed: 3963300771116037352

96 issech the Cudgeller (level 4, 0/44 HPs)
             Began as a Troll Monk on Feb 9, 2022.
             Slain by a gnoll (10 damage)
             ... on level 3 of the Dungeon.
             The game lasted 00:04:21 (1481 turns).

issech the Cudgeller (Troll Monk)                   Turns: 1481, Time: 00:04:22

Health: 0/44       AC:  4    Str: 19    XL:     4   Next: 41%
Magic:  3/3        EV: 10    Int:  6    God:
Gold:   61         SH:  0    Dex: 14    Spells: 3/3 levels left

rFire   . . .      SeeInvis .   a - +0 mace
rCold   . . .      Faith    .   (no shield)
rNeg    . . .      Spirit   .   b - +0 robe
rPois   .          Reflect  .   (helmet restricted)
rElec   .          Harm     .   (no cloak)
rCorr   .          Rampage  .   (gloves unavailable)
Will    .....                   (boots unavailable)
Stlth   ++........              (no amulet)
HPRegen 0.94/turn               (no ring)
MPRegen 0.08/turn               (no ring)

@: no status effects
A: large, unfitting armour, claws 3, regeneration 1, shaggy fur 1, tough skin 1
a: no special abilities


You were on level 3 of the Dungeon.
You visited 1 branch of the dungeon, and saw 3 of its levels.

You collected 61 gold pieces.

Inventory:

Hand Weapons
 a - a +0 mace (weapon)
Missiles
 c - 54 arrows
 f - 43 bolts
 j - 32 stones (quivered)
Armour
 b - a +0 robe (worn)
Magical Staves
 l - a staff of poison
Scrolls
 d - 2 scrolls of identify {unknown}
 g - 2 scrolls of noise {unknown}
 h - 2 scrolls of fog {unknown}
 i - a scroll of blinking {unknown}
Potions
 e - a potion of mutation {unknown}
 k - a potion of berserk rage {unknown}


   Skills:
 + Level 2.9 Fighting
 + Level 3.6 Maces & Flails
 + Level 3.1 Dodging
 + Level 1.2 Stealth


You had 3 spell levels left.
You didn't know any spells.
Your spell library was empty.

Dungeon Overview and Level Annotations

Branches:
Dungeon (3/15)

Altars:


Innate Abilities, Weirdness & Mutations

You are too large for most types of armour.
You have claws for hands.
Your natural rate of healing is unusually fast.
You are covered in fur. (AC +1)
You have tough skin. (AC +1)


Message History

The gnoll hits you with a +0 club.
You closely miss the gnoll. You claw the gnoll.
You kill the gnoll!
Things that are here:
a +0 club; a gnoll corpse HP restored.
Done exploring.
There is a stone staircase leading down here.
You climb downwards.
The gnoll barely misses you.
There is a stone staircase leading up here.
The gnoll hits you from afar with a +0 halberd.
You climb upwards.
There is a stone staircase leading down here.
Things that are here:
a +0 club; a gnoll corpse
There is a stone staircase leading down here.
You climb downwards.
The gnoll barely misses you.
There is a stone staircase leading up here.
You barely miss the gnoll. The gnoll hits you with a +0 club.
You thump the gnoll!
The gnoll is severely wounded.
The frilled lizard bites you but does no damage.
The gnoll hits you with a +0 club. The gnoll barely misses you.
The frilled lizard bites you but does no damage.
You hit the gnoll.
You kill the gnoll!
An orc comes into view. It is wielding a +0 short sword.
The frilled lizard bites you but does no damage.
The orc moves out of view.
You closely miss the frilled lizard. The frilled lizard closely misses you.
The gnoll hits you from afar with a +0 halberd!
You sock the frilled lizard!
You kill the frilled lizard!
The gnoll hits you from afar with a +0 halberd!
The gnoll closely misses you.
You hit the gnoll but do no damage. The gnoll hits you with a +0 halberd.
You closely miss the gnoll. The gnoll hits you with a +0 halberd!
* * * LOW HITPOINT WARNING * * *
You closely miss the gnoll. The gnoll hits you with a +0 halberd!
You die...

#...# ########.#
#........#
#.......## #.......#
#.......# #.......##
#....).g.#
#......#@########
#......#<##.<...###
#......#)o..........
#......##.........##
#########...........
#..........#
#...........
#...........
#..........>


You could see a gnoll and an orc.

Vanquished Creatures
  6 gnolls
  A dart slug (D:1)
  2 ball pythons (D:1)
  4 endoplasms
  A giant cockroach (D:2)
  5 goblins
  2 hobgoblins
  3 jackals (D:2)
  A quokka (D:1)
  5 bats
  5 frilled lizards
  2 kobolds (D:1)
  3 rats
40 creatures vanquished.

Vanquished Creatures (others)
  A plant (D:1)
1 creature vanquished.

Grand Total: 41 creatures vanquished

Notes
Turn   | Place    | Note
-------+----------+-------------------------------------------
     0 | D:1      | issech the Troll Monk began the quest for the Orb.
     0 | D:1      | Reached XP level 1. HP: 22/22 MP: 0/0
   173 | D:1      | Reached XP level 2. HP: 19/29 MP: 1/1
   489 | D:1      | Reached XP level 3. HP: 36/36 MP: 2/2
   985 | D:2      | Reached XP level 4. HP: 23/44 MP: 3/3
  1481 | D:3      | Slain by a gnoll

Illustrated notes

Levels and vault maps discovered:
D:1:      dpeg_arrival_orchard, layout_rooms, minmay_crystal_room,
          nicolae_grassy_gnolls
D:2:      layout_loops_ring
D:3:      layout_rooms, dreamdust_ecumenical_altar_drowned_temple

Skill      XL: |  1  2  3 |
---------------+----------+-----
Maces & Flails | 3 |  3.6
Dodging        | 3 |  3.1
Fighting       | |  2.9
Stealth        | |  1.2

Action                   |  1- 3 |  4- 6 || total
-------------------------+-------+-------++-------
Melee: Mace              |    96 |    21 ||   117
       Punch             |     2 |     1 ||     3
 Stab: Sleeping          |     3 |     1 ||     4
Armor: Robe              |    53 |     4 ||    57
Dodge: Dodged            |    76 |    11 ||    87
